 Dungeon Crawl Stone Soup version 0.27.0-1-g7a08968 (webtiles) character file.

Game seed: 1546532671954561127

129462 Illumine the Impaler (level 17, -4/138 HPs)
             Began as a Formicid Fighter on Aug 27, 2021.
             Was the Champion of Okawaru.
             Killed from afar by an ironbound frostheart (5 damage)
             ... by creeping frost
             ... in an ice cave.
             The game lasted 00:57:26 (27230 turns).

Illumine the Impaler (Formicid Fighter)            Turns: 27230, Time: 00:57:26

Health: -4/138     AC: 30    Str: 26      XL:     17   Next: 61%
Magic:  24/26      EV: 14    Int:  8 (10) God:    Okawaru [******]
Gold:   2337       SH: 24    Dex: 10      Spells: 16/16 levels left

rFire    + . .     SeeInvis +   a - +5 glaive of Cruel Justice {spect, rN+}
rCold    + + +     Faith    +   c - +3 tower shield {rF+}
rNeg     + . .     Spirit   .   K - +2 plate armour {rC+}
rPois    .         Reflect  .   (helmet unavailable)
rElec    .         Harm     .   w - +2 cloak
rCorr    .         Rampage  +   g - +2 pair of gloves {archery}
Will     +....                  U - +0 pair of boots of the Komodo Dragon {Rampage rF+ rC+}
Stlth    ..........             C - amulet of faith
HPRegen  0.33/turn              G - ring of ice
MPRegen  0.20/turn              Z - +4 ring of evasion

@: heroic, frozen, very slightly contaminated, invisible, very slow
A: permanent stasis, dig shafts and tunnels, antennae 3, four strong arms
a: Dig, Renounce Religion, Heroism, Finesse


You were in an ice cave.
You worshipped Okawaru.
Okawaru was exalted by your worship.
You visited 4 branches of the dungeon, and saw 23 of its levels.
You also visited: Gauntlet and Ice Cave.

You collected 2493 gold pieces.
You spent 156 gold pieces at shops.

Inventory:

Hand Weapons
 a - the +5 glaive of Cruel Justice (weapon) {spect, rN+}
   (You found it on level 4 of the Dungeon)

   When its wielder attacks, the weapon's spirit leaps out and strikes again.
   The spirit shares a part of any damage it takes with its wielder.
   rN:        It protects you from negative energy.
 b - a +3 arbalest of flaming
 l - a +2 halberd of flaming
 J - the +10 spear of Diet Blood {venom, rElec Str-2 Int+2 Dex+4}
   (You took it off a gnoll sergeant on level 5 of the Dungeon)

   It poisons the flesh of those it strikes.
   Str:       It affects your strength (-2).
   Int:       It affects your intelligence (+2).
   Dex:       It affects your dexterity (+4).
   rElec:     It insulates you from electricity.
 Q - the +5 flail of Kismet {antimagic, Drain rC+ rN+ Will+ SInv}
   (You found it on level 6 of the Lair of Beasts)

   It reduces the magical energy of the wielder, and disrupts the spells and
   magical abilities of those it strikes.
   Natural abilities and divine invocations are not affected.
   rC:        It protects you from cold.
   rN:        It protects you from negative energy.
   SInv:      It lets you see invisible.
   Drain:     It drains your maximum health when unequipped.
   Will:      It increases your willpower.
 S - the +8 battleaxe "Wouramni" {spect, rElec rF+ Int-3 SInv}
   (Okawaru gifted it to you on level 10 of the Dungeon)

   When its wielder attacks, the weapon's spirit leaps out and strikes again.
   The spirit shares a part of any damage it takes with its wielder.
   Int:       It affects your intelligence (-3).
   rF:        It protects you from fire.
   rElec:     It insulates you from electricity.
   SInv:      It lets you see invisible.
Missiles
 i - 36 atropa-tipped darts
 s - 168 bolts
 X - 3 throwing nets (quivered)
Armour
 c - a +3 tower shield of fire resistance (worn)
 f - the +8 chain mail "Xiynoustoc" {rF- Str+7 SInv}
   (Okawaru gifted it to you in an ice cave)

   Str:       It affects your strength (+7).
   rF:        It makes you vulnerable to fire.
   SInv:      It lets you see invisible.
 g - a +2 pair of gloves of archery (worn)
 w - a +2 cloak (worn)
 K - a +2 plate armour of cold resistance (worn)
 U - the +0 pair of boots of the Komodo Dragon (worn) {Rampage rF+ rC+}
   (You found it in a Gauntlet)

   rF:        It protects you from fire.
   rC:        It protects you from cold.
   Rampage:   It bestows one free step when moving towards enemies.
Jewellery
 n - a ring of protection from fire
 q - an amulet of regeneration
 t - a ring of poison resistance
 C - an amulet of faith (around neck)
 G - a ring of ice (left hand)
 N - a ring of fire
 Z - a +4 ring of evasion (right hand)
Wands
 D - a wand of iceblast (25)
 E - a wand of paralysis (11)
 H - a wand of flame (54)
 I - a wand of acid (6)
 L - a wand of digging (7)
 R - a wand of charming (2)
 V - a wand of mindburst (21)
Scrolls
 e - 3 scrolls of fear
 r - a scroll of fog
 u - 3 scrolls of acquirement {unknown}
 v - 3 scrolls of holy word
 B - 3 scrolls of immolation {unknown}
 O - 2 scrolls of blinking {unknown}
 P - 2 scrolls of torment
 Y - a scroll of identify
Potions
 d - 3 potions of might
 k - 5 potions of flight
 m - 10 potions of curing
 o - 7 potions of lignification
 p - a potion of invisibility
 x - a potion of berserk rage {unknown}
 z - a potion of cancellation {unknown}
 F - 2 potions of ambrosia {unknown}
 M - 3 potions of attraction
 T - 3 potions of mutation {unknown}
 W - 2 potions of resistance
Miscellaneous
 j - a condenser vane
 y - a phial of floods
 A - a tin of tremorstones (2/2)


   Skills:
 + Level 13.6(18.6) Fighting
 * Level 18.6(23.6) Polearms
 + Level 6.0(11.0) Crossbows
 + Level 13.7(18.7) Armour
 - Level 2.0(7.0) Dodging
 * Level 11.3(16.3) Shields
 - Level 12.0 Invocations
 + Level 10.4 Evocations


You had 16 spell levels left.
You didn't know any spells.
Your spell library contained the following spells:

 Spells                   Type           Power      Damage    Failure   Level
 Shock                    Conj/Air       0%         1d3       93%         1
 Sting                    Tmut/Pois      0%         1d3       93%         1
 Corpse Rot               Necr/Air       N/A        N/A       98%         2
 Poisonous Vapours        Pois/Air       0%         N/A       98%         2
 Slow                     Hex            0%         N/A       98%         2
 Confusing Touch          Hex            0%         N/A       100%        3
 Ozocubu's Armour         Ice            0%         N/A       100%        3
 Tukima's Dance           Hex            0%         N/A       100%        3
 Vampiric Draining        Necr           0%         2d6       100%        3
 Airstrike                Air            0%         N/A       100%        4
 Olgreb's Toxic Radiance  Pois           0%         N/A       100%        4
 Passage of Golubria      Tloc           N/A        N/A       100%        4
 Blade Hands              Tmut           0%         N/A       100%        5
 Fireball                 Conj/Fire      0%         3d3       100%        5
 Freezing Cloud           Conj/Ice/Air   0%         6-21      100%        5
 Irradiate                Conj/Tmut      0%         3d14      100%        5
 Yara's Violent Unravell  Hex/Tmut       0%         3d3       100%        5
 Starburst                Conj/Fire      0%         8x6d3     100%        6
 Dragon Form              Tmut           0%         N/A       100%        7
 Ozocubu's Refrigeration  Ice            0%         4d5       100%        7
 Ignition                 Fire           0%         3d3       100%        8
 Swiftness                Air            Unusable   N/A       N/A         3

Dungeon Overview and Level Annotations

Branches:
Dungeon (14/15)            Temple (1/1) D:4            Lair (6/6) D:11
  Swamp (0/4) Lair:4        Snake (0/4) Lair:2        Slime (0/5) Lair:6
    Orc (2/2) D:10            Elf (0/3) Orc:2        Vaults (0/5) D:13
  IceCv (1/1)             Gauntlet (visited)

Altars:
Ashenzari
Cheibriados
Dithmenos
Gozag
Hepliaklqana
Okawaru
Ru
Sif Muna
Trog
Wu Jian
Zin
Jiyva

Shops:
Orc:2 ?(*:(

Annotations:
D:11 2 transporters
D:12 exclusion: orange crystal statue
Lair:4 exclusion: 6 oklob plants
Lair:5 3 runed translucent doors, PhillyD's ghost, journeyman MiFi


Innate Abilities, Weirdness & Mutations

You cannot be hasted, slowed, berserked, paralysed or teleported.
You can dig through walls and to a lower floor.
You have a pair of large antennae on your head. (SInv)
Your four strong arms can wield two-handed weapons with a shield.


Message History

The polar bear growls angrily.
You block the ironbound frostheart's attack.
The ice dragon breathes frost at you. The blast of cold misses you.
The blast of cold hits your spectral +5 glaive of Cruel Justice {spect, rN+}!!
Your spectral +5 glaive of Cruel Justice {spect, rN+} resists.
Your spectral weapon shares its damage with you!
Your spectral +5 glaive of Cruel Justice {spect, rN+} fades away.
You hit the ice dragon.
The ice dragon is heavily wounded.
Your spectral +5 glaive of Cruel Justice {spect, rN+} hits the ice dragon from afar!
The polar bear growls angrily.
Unknown command.
You slash the ice dragon!
The ice dragon is severely wounded.
Your spectral +5 glaive of Cruel Justice {spect, rN+} hits the ice dragon from afar.
The ice encasing you melts away.
The polar bear growls angrily.
The ironbound frostheart calls freezing cold from the walls.
The frost grips you!! You partially resist.
* * * LOW HITPOINT WARNING * * *
You are encased in ice.
The frost grips your spectral +5 glaive of Cruel Justice {spect, rN+}!!
Your spectral +5 glaive of Cruel Justice {spect, rN+} partially resists.
Your spectral weapon shares its damage with you!
* * * LOW HITPOINT WARNING * * *
Your plate armour prevents you from hitting the ice dragon.
The ice dragon is severely wounded.
Your spectral +5 glaive of Cruel Justice {spect, rN+} hits the ice dragon from afar!
The polar bear growls angrily.
The ironbound frostheart calls freezing cold from the walls.
The frost grips you! You partially resist.
* * * LOW HITPOINT WARNING * * *
The frost grips your spectral +5 glaive of Cruel Justice {spect, rN+}!
Your spectral +5 glaive of Cruel Justice {spect, rN+} partially resists.
Your spectral weapon shares its damage with you!
Your spectral +5 glaive of Cruel Justice {spect, rN+} fades away.
The ironbound frostheart calls freezing cold from the walls.
The frost grips you. You partially resist.
You die...

##..#
##...##
##..#..#
###
#..##..##
..##
#..###..#
...# ##..#
#.†## ...##
#..## ##..#
....# ##.#
#..# ....##
#..# ##@#
.....###.##
#Dp#
.....##..#
##h#
##......##
p#
##.....##
h. ###...##
#.. .###..#
.( .# #.##
..# .# ###


You could see an ice dragon (unaware), 2 ironbound frosthearts and 2 polar
bears.

Vanquished Creatures
  Saint Roka (Orc:1)
  Kirke (Lair:5)
  An orc warlord (Orc:1)
  A balrug (Gauntlet)
  A dire elephant (Lair:6)
  A white draconian (IceCv)
  A minotaur (Gauntlet)
  Snorg (Lair:4)
  Harold (D:8)
  Josephine (Lair:5)
  6 ironbound frosthearts (IceCv)
  4 vault guards (D:13)
  2 ice dragons
  An ogre mage (D:12)
  2 catoblepae
  7 hydras
  2 boulder beetles
  An anaconda (Lair:6)
  4 centaur warriors (D:13)
  9 two-headed ogres
  6 death yaks (Lair:6)
  6 orc high priests
  2 deep elf knights (D:13)
  An orange crystal statue (IceCv)
  2 deep elf archers (D:13)
  A lindwurm (Lair:6)
  10 deep elf zephyrmancers (D:13)
  4 deep elf pyromancers (D:13)
  8 orc knights
  An orc sorcerer (Orc:2)
  An oklob plant (D:11)
  2 manticores (D:12)
  12 ugly things
  A cyclops (shapeshifter) (D:13)
  9 elephants (Lair:6)
  A worldbinder (Gauntlet)
  Maurice (Orc:1)
  Joseph (Lair:1)
  7 black mambas
  10 cane toads
  3 unseen horrors
  23 rime drakes
  3 orange demons (D:12)
  Psyche (D:8)
  An efreet (D:13)
  5 komodo dragons
  A yaktaur (D:13)
  22 polar bears
  4 trolls
  A hornet (D:7)
  7 raiju (Lair:6)
  16 blink frogs
  4 slime creatures (D:13)
  22 dream sheep
  3 meliai zombies
  A shadow (D:12)
  41 yaks
  4 wyverns
  3 centaur simulacra (Gauntlet)
  7 wraiths
  13 steam dragons
  6 basilisks
  2 nagas (Lair:2)
  10 wargs
  5 vampire mosquitoes (D:13)
  A swamp worm (Lair:4)
  Edmund (D:6)
  An acid dragon (D:11)
  Duvessa (D:7)
  18 water moccasins
  42 orc warriors
  11 hell hounds
  3 ice beasts
  20 black bears
  A necrophage (D:5)
  17 ogres
  2 boggarts (Gauntlet)
  6 centaurs
  22 wolves
  5 kobold brigands
  A phantom (D:7)
  4 gnoll sergeants
  Blork the orc (D:6)
  8 bullfrogs
  6 scorpions
  A water moccasin zombie (D:6)
  Dowan (D:7)
  9 killer bees
  7 howler monkeys
  4 wights (D:9)
  2 bullfrog zombies
  10 centaur zombies
  6 hounds
  37 orc priests
  A wyvern simulacrum (Gauntlet)
  A gnoll shaman (D:5)
  A jelly (D:7)
  A centaur skeleton (D:7)
  An iron imp (D:13)
  A bullfrog skeleton (D:5)
  6 iguanas
  24 orc wizards
  A hound zombie (D:5)
  The ghost of morfei the Sneak, a weakling FeDe (D:5)
  A howler monkey zombie (D:5)
  18 gnolls
  4 adders
  A shadow imp (D:6)
  A white imp (D:6)
  An ufetubus (D:4)
  2 worms
  A dart slug (D:2)
  89 orcs
  11 ball pythons
  7 endoplasms
  3 giant cockroaches
  8 hobgoblins
  2 jackals (D:3)
  2 quokkas
  8 bats
  7 frilled lizards
  2 goblins (D:4)
  37 kobolds
  A rat (D:2)
834 creatures vanquished.

Vanquished Creatures (others)
  A yak (Lair:5)
  An electric eel (Lair:5)
  An orc (Orc:2)
  6 bushes
  50 fungi
  83 plants
142 creatures vanquished.

Grand Total: 976 creatures vanquished

Notes
Turn   | Place    | Note
-------+----------+-------------------------------------------
     0 | D:1      | Illumine the Formicid Fighter began the quest for the Orb.
     0 | D:1      | Reached XP level 1. HP: 18/18 MP: 1/1
    26 | D:1      | Reached XP level 2. HP: 15/24 MP: 2/2
   564 | D:1      | Reached XP level 3. HP: 26/29 MP: 3/3
   819 | D:2      | Found a faded altar of an unknown god.
  1085 | D:1      | Reached XP level 4. HP: 12/37 MP: 4/4
  1729 | D:2      | Reached skill level 3 in Polearms
  1855 | D:2      | Reached XP level 5. HP: 42/42 MP: 5/5
  2226 | D:3      | Found an opulent altar of Gozag.
  2227 | D:3      | Found a glowing silver altar of Zin.
  2857 | D:4      | Found a staircase to the Ecumenical Temple.
  2869 | Temple   | Entered the Ecumenical Temple
  2882 | Temple   | Became a worshipper of Warmaster Okawaru
  2903 | D:4      | Reached XP level 6. HP: 36/49 MP: 6/6
  3080 | D:4      | Identified the +5 glaive of Cruel Justice {spect, rN+}
  3196 | D:4      | Noticed an ogre
  3199 | D:4      | Killed an ogre
  3200 | D:4      | Reached skill level 4 in Polearms
  3200 | D:4      | Reached skill level 1 in Invocations
  3509 | D:5      | Entered Level 5 of the Dungeon
  3510 | D:5      | Noticed a black bear
  3511 | D:5      | Killed a black bear
  3512 | D:5      | Reached skill level 5 in Shields
  3512 | D:5      | Reached XP level 7. HP: 55/55 MP: 7/7
  3514 | D:5      | Reached * piety under Okawaru
  3644 | D:5      | Reached skill level 5 in Fighting
  3644 | D:5      | Reached skill level 5 in Polearms
  3644 | D:5      | Reached skill level 5 in Armour
  3760 | D:5      | Reached XP level 8. HP: 62/62 MP: 8/8
  3875 | D:5      | Identified the +10 spear of Diet Blood {venom, rElec Str-2
                  | Int+2 Dex+4}
  3905 | D:5      | Noticed morfei's ghost (weakling FeDe)
  3923 | D:5      | Found a transporter.
  3923 | D:5      | Found a transporter.
  3950 | D:5      | Reached skill level 6 in Polearms
  3957 | D:5      | Reached ** piety under Okawaru
  4062 | D:5      | Killed morfei's ghost
  4422 | D:6      | Reached skill level 7 in Polearms
  4477 | D:6      | Reached XP level 9. HP: 69/69 MP: 8/10
  4586 | D:6      | Reached *** piety under Okawaru
  4769 | D:6      | Reached skill level 8 in Polearms
  4843 | D:6      | Noticed Edmund
  4854 | D:6      | Killed Edmund
  5020 | D:6      | Noticed Blork the orc
  5026 | D:6      | Killed Blork the orc
  5197 | D:7      | Noticed a two-headed ogre
  5204 | D:7      | Killed a two-headed ogre
  5204 | D:7      | Reached **** piety under Okawaru
  5205 | D:7      | Reached skill level 9 in Polearms
  5260 | D:7      | Noticed Duvessa
  5260 | D:7      | Noticed Dowan
  5265 | D:7      | Killed Dowan
  5270 | D:7      | Killed Duvessa
  5271 | D:7      | Reached XP level 10. HP: 52/79 MP: 10/12
  5410 | D:7      | Found a large runed translucent door.
  5413 | D:7      | Found a large runed translucent door.
  5984 | D:7      | Reached skill level 10 in Polearms
  7062 | D:8      | Noticed Harold
  7071 | D:8      | Killed Harold
  7071 | D:8      | Reached ***** piety under Okawaru
  7072 | D:8      | Reached skill level 11 in Polearms
  7072 | D:8      | Reached skill level 5 in Invocations
  7146 | D:8      | Noticed Psyche
  7806 | D:9      | Received a gift from Okawaru
  7879 | D:9      | Reached XP level 11. HP: 86/86 MP: 15/15
  8057 | D:9      | Reached skill level 12 in Polearms
  8420 | D:9      | Found a shadowy altar of Dithmenos.
  8564 | D:10     | Entered Level 10 of the Dungeon
  8749 | D:10     | Identified the +8 battleaxe "Wouramni" {spect, rElec rF+
                  | Int-3 SInv} (Okawaru gifted it to you on level 10 of the
                  | Dungeon)
  8749 | D:10     | Received a gift from Okawaru
  8771 | D:10     | Found a staircase to the Orcish Mines.
  9004 | D:10     | Reached skill level 13 in Polearms
  9146 | Orc:1    | Entered Level 1 of the Orcish Mines
  9168 | D:11     | Found a transporter.
  9168 | D:11     | Noticed a fire crab
  9168 | D:11     | Noticed a deep elf knight
  9348 | D:11     | Found a staircase to the Lair.
  9348 | D:11     | Noticed an oklob plant
  9360 | D:11     | Killed an oklob plant
  9469 | Lair:1   | Entered Level 1 of the Lair of Beasts
  9503 | Lair:1   | Received a gift from Okawaru
  9527 | Lair:1   | Found a gate leading to a gauntlet.
  9546 | Lair:1   | Reached XP level 12. HP: 55/95 MP: 17/17
  9553 | Gauntlet | Entered a Gauntlet
  9553 | Gauntlet | Found a large runed translucent door.
  9553 | Gauntlet | Found a large runed translucent door.
  9553 | Gauntlet | Found a large runed translucent door.
  9553 | Gauntlet | Found a large runed translucent door.
  9553 | Gauntlet | Found a large runed translucent door.
  9553 | Gauntlet | Found a large runed translucent door.
  9553 | Gauntlet | Found a transporter.
  9553 | Gauntlet | Found a large runed translucent door.
  9553 | Gauntlet | Found a large runed translucent door.
  9553 | Gauntlet | Found a runed translucent door.
  9553 | Gauntlet | Found a runed translucent gate.
  9553 | Gauntlet | Found a runed translucent gate.
  9553 | Gauntlet | Found a transporter.
  9553 | Gauntlet | Found a transporter.
  9760 | Gauntlet | Found a transporter.
  9763 | Gauntlet | Found a transporter.
  9767 | Gauntlet | Found a runed translucent door.
  9767 | Gauntlet | Found a runed translucent door.
  9771 | Gauntlet | Found a transporter.
  9774 | Gauntlet | Found a transporter.
  9782 | Gauntlet | Noticed a balrug
  9783 | Gauntlet | Found a transporter.
  9797 | Gauntlet | Found a transporter.
  9825 | Gauntlet | Found a transporter.
  9826 | Gauntlet | Found a transporter.
  9836 | Gauntlet | Found a transporter.
  9841 | Gauntlet | Found a runed translucent gate.
  9842 | Gauntlet | Found a large runed translucent door.
  9842 | Gauntlet | Found a large runed translucent door.
  9843 | Gauntlet | Found a large runed translucent door.
  9844 | Gauntlet | Found a large runed translucent door.
  9850 | Gauntlet | Found a large runed translucent door.
  9850 | Gauntlet | Found a large runed translucent door.
  9850 | Gauntlet | Found a runed translucent door.
  9851 | Gauntlet | Found a large runed translucent door.
  9852 | Gauntlet | Found a large runed translucent door.
  9930 | Gauntlet | Noticed a deep elf knight
  9968 | Gauntlet | Reached skill level 14 in Polearms
  9972 | Gauntlet | Reached skill level 10 in Shields
  9975 | Gauntlet | Identified the +0 pair of boots of the Komodo Dragon
                  | {Rampage rF+ rC+}
 10053 | Gauntlet | Killed a balrug
 10053 | Gauntlet | Reached ****** piety under Okawaru
 10053 | Gauntlet | Received a gift from Okawaru
 10150 | Gauntlet | Noticed a boulder beetle
 10197 | Gauntlet | Noticed an ettin
 10197 | Gauntlet | a boulder beetle changed into an ettin
 10210 | Gauntlet | Noticed a quicksilver ooze
 10210 | Gauntlet | an ettin changed into a quicksilver ooze
 10243 | Gauntlet | Noticed an ettin
 10243 | Gauntlet | a quicksilver ooze changed into an ettin
 10300 | Gauntlet | Noticed a minotaur
 10307 | Gauntlet | Killed a minotaur
 10317 | Gauntlet | Identified the +2 leather armour of Darkness {Contam +Inv
                  | Int+6 Slay+2}
 10435 | Lair:1   | Reached skill level 1 in Evocations
 10437 | Lair:1   | Reached skill level 1 in Dodging
 10486 | Lair:1   | Noticed Joseph
 10493 | Lair:1   | Killed Joseph
 10503 | Lair:1   | Noticed a seven-headed hydra
 10537 | Lair:1   | Killed a seven-headed hydra
 10648 | Lair:1   | Reached skill level 10 in Armour
 10938 | Lair:1   | Reached skill level 10 in Fighting
 10938 | Lair:1   | Reached XP level 13. HP: 95/103 MP: 19/19
 11373 | Lair:2   | Received a gift from Okawaru
 11715 | Lair:2   | Found a staircase to the Snake Pit.
 11824 | Lair:2   | Reached skill level 15 in Polearms
 11903 | Lair:2   | You fall into a shaft and drop 2 floors!
 11970 | Lair:4   | Noticed Snorg
 11977 | Lair:4   | Killed Snorg
 12331 | Lair:4   | Noticed a catoblepas
 12337 | Lair:4   | Killed a catoblepas
 12676 | Lair:4   | Noticed an eight-headed hydra
 12689 | Lair:4   | Killed a ten-headed hydra
 12823 | Lair:4   | Noticed an eight-headed hydra
 13102 | Lair:4   | Killed an eight-headed hydra
 13139 | Lair:4   | Found a staircase to the Swamp.
 13547 | Lair:4   | Noticed a seven-headed hydra
 13579 | Lair:4   | Killed a seven-headed hydra
 13679 | Lair:5   | Found a runed translucent gate.
 13679 | Lair:5   | Found a runed translucent gate.
 13679 | Lair:5   | Found a runed translucent gate.
 14130 | Lair:5   | Received a gift from Okawaru
 14179 | Lair:5   | Noticed PhillyD's ghost (journeyman MiFi)
 14204 | Lair:5   | Reached skill level 5 in Evocations
 14206 | Lair:5   | Reached skill level 10 in Invocations
 14219 | Lair:5   | Noticed Kirke
 14297 | Lair:5   | Killed Kirke
 14298 | Lair:5   | Reached XP level 14. HP: 111/111 MP: 21/21
 14721 | Lair:6   | Entered Level 6 of the Lair of Beasts
 14866 | Lair:6   | Noticed Josephine
 14893 | Lair:5   | Killed Josephine
 15064 | Lair:6   | Found a viscous altar of Jiyva.
 15065 | Lair:6   | Found a staircase to the Slime Pits.
 15136 | Lair:6   | Received a gift from Okawaru
 15137 | Lair:6   | Reached skill level 16 in Polearms
 15137 | Lair:6   | Found the +5 scythe "Finisher" {speed, eviscerate}
 15456 | Lair:6   | Received a gift from Okawaru
 16076 | Lair:6   | Received a gift from Okawaru
 16098 | Lair:6   | Noticed a dire elephant
 16104 | Lair:6   | Killed a dire elephant
 16113 | Lair:6   | Reached XP level 15. HP: 84/120 MP: 23/23
 16244 | Lair:6   | Identified the +5 flail of Kismet {antimagic, Drain rC+ rN+
                  | Will+ SInv}
 16752 | Lair:6   | Received a gift from Okawaru
 17182 | Lair:6   | Received a gift from Okawaru
 17735 | Lair:3   | Reached skill level 17 in Polearms
 18705 | Orc:1    | Noticed Maurice
 18711 | Orc:1    | Killed Maurice
 19103 | Orc:2    | Entered Level 2 of the Orcish Mines
 19103 | Orc:2    | Found a staircase to the Elven Halls.
 19103 | Orc:2    | Noticed Saint Roka
 19155 | Orc:2    | Noticed an orc warlord
 19165 | Orc:1    | HP: 1/122 [orc warrior[an orc warlord] (17)]
 19168 | Orc:1    | Killed an orc warlord
 19169 | Orc:1    | Reached skill level 1 in Crossbows
 19800 | Orc:2    | Found Vuwozukk's Antique Weapon Emporium.
 19916 | Orc:1    | Killed Saint Roka
 19916 | Orc:1    | Received a gift from Okawaru
 20400 | Orc:2    | Reached XP level 16. HP: 128/129 MP: 25/25
 21925 | Orc:2    | Received a gift from Okawaru
 22155 | Orc:2    | Found Wimuuwk's Magic Scroll Boutique.
 22155 | Orc:2    | Found Ikiajif's Book Boutique.
 22156 | Orc:2    | Found Wainit's Antique Weapon Boutique.
 22156 | Orc:2    | Found Leps's Assorted Antiques.
 22163 | Orc:2    | Bought a scroll of enchant armour for 90 gold pieces
 22163 | Orc:2    | Bought a scroll of identify for 24 gold pieces
 22163 | Orc:2    | Bought a scroll of magic mapping for 42 gold pieces
 22350 | D:7      | Found a broken altar of Ashenzari.
 22357 | D:7      | Found a shimmering blue altar of Sif Muna.
 22751 | D:8      | Found a hazy altar of Hepliaklqana.
 23333 | D:8      | Killed Psyche
 23447 | D:11     | Found a transporter.
 24062 | D:12     | Reached skill level 18 in Polearms
 24327 | D:12     | Received a gift from Okawaru
 24745 | D:13     | Found a snail-covered altar of Cheibriados.
 25174 | D:13     | Received a gift from Okawaru
 25202 | D:13     | Reached skill level 5 in Crossbows
 25214 | D:13     | Reached XP level 17. HP: 45/137 MP: 22/26
 25700 | D:13     | Found a gate to the Vaults.
 25711 | D:13     | Reached skill level 10 in Evocations
 26300 | D:14     | Found a frozen archway.
 26307 | IceCv    | Entered an ice cave
 26316 | IceCv    | Received a gift from Okawaru
 27199 | IceCv    | Identified the +8 chain mail "Xiynoustoc" {rF- Str+7 SInv}
                  | (Okawaru gifted it to you in an ice cave)
 27199 | IceCv    | Received a gift from Okawaru
 27230 | IceCv    | HP: 1/138 [ironbound frostheart/creeping frost (15)]
 27230 | IceCv    | Killed from afar by an ironbound frostheart

Illustrated notes

Levels and vault maps discovered:
D:1:      minmay_arrival_shattered_statue, layout_loops_ring
D:2:      minmay_skewed_foursquare, layout_loops_ring, basic_ecumenical_altar,
          corner_web_ring, kennysheep_generic_room_5
D:3:      kennysheep_big_flooded_room, layout_loops_ring,
          grunt_temple_overflow_gold_and_silver, minivault_26
D:4:      layout_loops_cross, minmay_temple_entry_mini_moons
D:5:      layout_rooms, gammafunk_ghost_gnarly_gnolls
D:6:      layout_loops_cross, uniq_edmund, uniq_blork_the_orc
D:7:      minmay_razor_zed, layout_layer_cave, jmf_multi_god_temple2,
          grunt_ministairs_4, uniq_duvessa
D:8:      layout_loops_cross, kennysheep_mini_moat, serial_co_window_serial,
          co_window_paths_a, co_window_of_opportunity_a, co_window_paths_a,
          co_window_paths_b, co_window_corner_a, co_window_of_opportunity_a,
          co_window_corner_a, co_window_of_opportunity_b,
          co_window_unsneaky_path_c, co_window_corner_b, glass_columns_a,
          glass_columns_a, grunt_potential, uniq_psyche, uniq_harold
D:9:      layout_irregular_city, mainiacjoe_overflow_alcove_1,
          hellmonk_bongcloud_opening
D:10:     lemuel_flame_loot_2, layout_rooms, orc_0_dummy
D:11:     gammafunk_wand_slinger, layout_basic, dpeg_oklobed_lair
D:12:     minmay_statue_hallways, layout_cave_pools, minmay_misc_feat_cross,
          einodemon_barbed_minivault
D:13:     minmay_elf_outpost, layout_basic, lightli_vaults_fourway_checkpoint,
          slow_altar_1
D:14:     layout_basic, portal_ice_cave_entry_dragon, infiniplex_staircase_pool
Temple:   regret_index_temple_sphere_string
Lair:1:   beast_lair_carwin_large_4, layout_concentric_octagons,
          gauntlet_entry_generic, uniq_joseph
Lair:2:   layout_regular_city, guppyfry_snake_entry_island,
          ebering_ghost_inner_flame, serial_bayou_pond_b, patterned_corridor
Lair:3:   layout_gridlike, bobbens_dragon_lair_wall
Lair:4:   layout_long_grid, palyth_hydra_swamp_entry, dpeg_oklob_1,
          minmay_lair_oklob_chamber, lemuel_fruit_tree, uniq_snorg
Lair:5:   layout_regular_city, gammafunk_ghost_split, grunt_forest_stairs_basic,
          serial_bayou_shore_a, grunt_megastairs_4, uniq_kirke
Lair:6:   hangedman_lair_in_review, layout_long_grid,
          hangedman_lair_caniforms_friends, slime_altar_1, uniq_josephine
Orc:1:    layout_caves, uniq_maurice
Orc:2:    st_orc_pillars, layout_caves, serial_shops, nicolae_shop_behind_doors,
          uniq_saint_roka
IceCv:    ice_cave_small_giant

Skill      XL: |  1  2  3  4  5  6  7  8  9 10 11 12 13 14 15 16 17 |
---------------+----------------------------------------------------+-----
Shields        | 4 5 6 7 8 9 10 11 | 11.3
Polearms       | 3 4 5 7 9 11 13 14 15 16 17 18 | 18.6
Fighting       | 4 5 6 7 9 10 11 12 13 | 13.6
Armour         | 4 5 6 7 8 9 10 11 12 13 | 13.7
Invocations    | 1 3 5 7 8 10 11 12 | 12.0
Evocations     | 2 5 7 8 9 10 | 10.4
Dodging        | 2 |  2.0
Crossbows      | 2 5 6 |  6.0

Action                   |  1- 3 |  4- 6 |  7- 9 | 10-12 | 13-15 | 16-18 || total
-------------------------+-------+-------+-------+-------+-------+-------++-------
Melee: Trident           |    70 |   177 |       |       |       |       ||   247
       Glaive            |       |     4 |    84 |   252 |   649 |   471 ||  1460
       Spear             |       |       |     9 |     9 |    26 |       ||    44
       Halberd           |       |       |       |       |       |     5 ||     5
 Fire: Fustibalus        |       |       |       |       |    11 |    13 ||    24
       Arbalest          |       |       |       |       |       |    27 ||    27
Throw: Dart              |       |     1 |     5 |     1 |       |       ||     7
Invok: Heroism           |       |       |     3 |     4 |     5 |     3 ||    15
       Finesse           |       |       |       |       |     1 |     1 ||     2
Evoke: Wand              |       |       |       |    11 |       |       ||    11
       Tin of tremorston |       |       |       |       |     1 |       ||     1
       Phial of floods   |       |       |       |       |       |     1 ||     1
       Condenser vane    |       |       |       |       |       |     1 ||     1
  Use: Scroll            |       |     1 |     2 |     7 |     7 |    10 ||    27
       Potion            |       |       |     1 |     1 |     2 |     3 ||     7
 Stab: Distracted        |       |       |       |     7 |    12 |     5 ||    24
       Invisible         |       |       |       |       |     1 |       ||     1
Armor: Scale mail        |    20 |    76 |    24 |    71 |     4 |       ||   195
       Skin              |       |       |       |     2 |       |     3 ||     5
       Plate armour      |       |       |       |       |   268 |   107 ||   375
Dodge: Dodged            |    13 |    50 |    21 |    55 |   192 |   117 ||   448
Block: Kite shield       |    40 |    86 |    29 |    67 |   302 |   111 ||   635
       Tower shield      |       |       |       |       |       |   105 ||   105
